 Dungeon Crawl Stone Soup version 0.21.1-1-g345015fe64 (webtiles) character file.

123 Revguard the Skirmisher (level 4, -14/37 HPs)
             Began as a Demonspawn Abyssal Knight on June 4, 2018.
             Was a Follower of Lugonu.
             Demolished by a two-headed ogre
             ... wielding a +0 giant club
              (18 damage)
             ... on level 3 of the Dungeon.
             The game lasted 00:14:20 (2794 turns).

Revguard the Skirmisher (Demonspawn Abyssal Knight) Turns: 2794, Time: 00:14:20

Health: -14/37     AC:  8    Str: 13    XL:     4   Next: 80%
Magic:  6/6        EV:  6    Int: 13    God:    Lugonu [*.....]
Gold:   105        SH:  0    Dex: 13    Spells: 6/6 levels left

rFire    . . .     SeeInvis .   a - +1 falchion
rCold    . . .     Gourm    .   (no shield)
rNeg     . . .     Faith    .   e - +0 chain mail
rPois    .         Spirit   .   (helmet restricted)
rElec    .         Reflect  .   (no cloak)
rCorr    .         Harm     .   (no gloves)
MR       .....                  (no boots)
Stlth    ..........             (no amulet)
HPRegen  0.12/turn              (no ring)
MPRegen  0.10/turn              (no ring)

@: no status effects
A: horns 1
a: Depart the Abyss, Renounce Religion


You were on level 3 of the Dungeon.
You worshipped Lugonu.
Lugonu was aware of your devotion.
You were hungry.

You visited 1 branch of the dungeon, and saw 3 of its levels.
You visited the Abyss 1 time.

You collected 105 gold pieces.

Inventory:

Hand Weapons
 a - a +1 falchion (weapon)
 h - a +2 whip of venom
 p - a +0 quarterstaff
Armour
 b - a +0 leather armour
 e - a +0 chain mail (worn)
Scrolls
 l - a scroll of identify {unknown}
 m - a scroll of magic mapping {unknown}
Potions
 d - a potion of magic {unknown}
 f - a potion of lignification {unknown}
 g - 2 potions of mutation {unknown}
 i - 2 potions of curing
 j - a potion of cancellation {unknown}
 k - a potion of degeneration {unknown}
 o - a potion of ambrosia {unknown}
Comestibles
 c - 5 rations


   Skills:
 + Level 3.7 Fighting
 + Level 2.8 Long Blades
 + Level 2.5 Armour
 + Level 1.0 Dodging
 * Level 1.6 Spellcasting
 * Level 2.6 Invocations


You had 6 spell levels left.
You didn't know any spells.

Dungeon Overview and Level Annotations

Branches:
Dungeon (3/15)

Altars:
Wu Jian


Innate Abilities, Weirdness & Mutations

You have a pair of small horns on your head.


Message History

The iguana bites you!
You hit the two-headed ogre.
You headbutt the two-headed ogre, but do no damage.
The two-headed ogre is lightly wounded.
The two-headed ogre hits you with a giant club!
The two-headed ogre hits you with a giant spiked club!!
Ouch! That really hurt!
* * * LOW HITPOINT WARNING * * *
Unknown command.
Unknown command.
Okay, then.
Okay, then.
Found a transporter.
Found 8 gold pieces.
There is a transporter here.
You enter the transporter and appear at another place.
A water moccasin, a crimson imp and a shadow imp come into view.
The water moccasin hisses angrily.
The crimson imp shouts!
The two-headed ogre hits you with a giant club!!
You die...

#.###############.#
#.........l.......#
######.l###########
...........$...
##.....ยง.....##
#..#########..#
#.##8.....8##.#
#.#.........#.#
#.#.##O@.##.#.#
#.#. #...# .#.# #.#
.....S. #.#
#.#.##...##.#.# #.#
#5.5# #.# #.


$?$$? .# # $._.$ # ####### You could see a two-headed ogre, a water moccasin, an
iguana, a crimson imp and a shadow imp.

Vanquished Creatures
  Natasha (twice) (D:2)
  A gnoll (D:1)
  2 adders (D:2)
  An ooze (D:1)
  A worm (D:2)
  2 dart slugs (D:1)
  6 bats
  2 giant cockroaches (D:1)
  6 goblins
  A hobgoblin (D:1)
  2 jackals (D:1)
  3 kobolds (D:1)
  11 rats
40 creatures vanquished.

Notes
Turn   | Place    | Note
-------+----------+-------------------------------------------
     0 | Abyss:1  | Revguard the Demonspawn Abyssal Knight began the quest for the Orb.
     0 | Abyss:1  | Reached XP level 1. HP: 18/18 MP: 2/2
    41 | Abyss:1  | Noticed a spatial vortex
   109 | Abyss:1  | Noticed a small abomination
   114 | D:1      | Escaped the Abyss
   208 | D:1      | Gained mutation: You have a pair of small horns on your head. [demonic ancestry]
   208 | D:1      | Reached XP level 2. HP: 9/24 MP: 3/3
   212 | D:1      | Reached * piety under Lugonu
   419 | D:1      | Reached skill level 1 in Spellcasting
   892 | D:1      | Reached XP level 3. HP: 29/29 MP: 4/4
  1543 | D:2      | Reached skill level 1 in Dodging
  1543 | D:2      | Reached XP level 4. HP: 3/37 MP: 6/6
  1552 | D:2      | HP: 1/37 [poisoned by an adder]
  2111 | D:2      | Noticed Natasha
  2119 | D:2      | Killed Natasha
  2528 | D:2      | Noticed Natasha
  2543 | D:2      | Killed Natasha
  2758 | D:3      | Noticed a two-headed ogre
  2769 | D:3      | HP: 1/37 [two-headed ogre/giant club (21)]
  2790 | D:3      | Found a transporter.
  2794 | D:3      | Noticed a water moccasin
  2794 | D:3      | Demolished by a two-headed ogre

Skill      XL: |  1  2  3 |
---------------+----------+-----
Spellcasting   | 1 |  1.6
Armour         | 2 |  2.5
Long Blades    | 2 |  2.8
Dodging        | 1 |  1.0
Fighting       | |  3.7
Invocations    | |  2.6

Action                   |  1- 3 |  4- 6 || total
-------------------------+-------+-------++-------
Melee: Falchion          |   118 |    33 ||   151
       Headbutt          |    13 |     7 ||    20
Invok: Depart the Abyss  |     1 |       ||     1
  Eat: Chunk             |     1 |     1 ||     2
       Ration            |     1 |       ||     1
Armor: Chain mail        |    93 |    10 ||   103
Dodge: Dodged            |    31 |    11 ||    42
       Rpst.: Falchion   |     8 |     3 ||    11
